 Dungeon Crawl Stone Soup version 0.23.1 (webtiles) character file.

Game seed: 993086959544198117

146 PentaManta the Vandal (level 5, -1/32 HPs)
             Began as a Halfling Arcane Marksman on Mar 12, 2019.
             Slain by an orc
             ... wielding a +0 flail
              (6 damage)
             ... on level 3 of the Dungeon.
             The game lasted 00:09:05 (1878 turns).

PentaManta the Vandal (Halfling Arcane Marksman)    Turns: 1878, Time: 00:09:06

Health: -1/32      AC:  3    Str: 12    XL:     5   Next: 53%
Magic:  6/6        EV: 15    Int: 11    God:
Gold:   139        SH:  0    Dex: 15    Spells: 5/6 levels left

rFire    . . .     SeeInvis .   a - +0 hunting sling
rCold    . . .     Gourm    .   (shield restricted)
rNeg     . . .     Faith    .   e - +0 robe
rPois    .         Spirit   .   h - +0 helmet
rElec    .         Reflect  .   (no cloak)
rCorr    .         Harm     .   (no gloves)
MR       .....                  (no boots)
Stlth    +.........             (no amulet)
HPRegen  0.10/turn              (no ring)
MPRegen  0.10/turn              (no ring)

@: no status effects
A: small, mutation resistance 1
a: no special abilities


You were on level 3 of the Dungeon.
You were hungry.

You visited 1 branch of the dungeon, and saw 3 of its levels.

You collected 139 gold pieces.

Inventory:

Hand Weapons
 a - a +0 hunting sling (weapon)
 l - a +6 club
Missiles
 c - 31 stones (quivered)
 d - 5 sling bullets
 p - 7 tomahawks
Armour
 e - a +0 robe (worn)
 h - a +0 helmet (worn)
Scrolls
 g - 2 scrolls of identify
 i - a scroll of immolation
 n - a scroll of noise {unknown}
Potions
 b - a potion of haste
 j - 2 potions of might {unknown}
 k - 2 potions of resistance {unknown}
 m - a potion of brilliance {unknown}
 o - a potion of berserk rage {unknown}
 q - 2 potions of curing
 r - a potion of magic {unknown}
Comestibles
 f - 5 rations


   Skills:
 - Level 0.8 Fighting
 * Level 6.5(7.0) Slings
 + Level 2.4(3.8) Throwing
 - Level 2.2 Dodging
 - Level 1.0 Spellcasting
 - Level 2.4 Hexes


You had 5 spell levels left.
You knew the following spells:

 Your Spells              Type           Power        Failure   Level  Hunger
a - Corona                Hex            #......      12%         1    ##.....

Your spell library contained the following spells:

 Spells                   Type           Power        Failure   Level  Hunger
 Slow                     Hex            #.......     19%         2    ###....
 Inner Flame              Hex/Fire       #.......     52%         3    ####...
 Portal Projectile        Hex/Tloc       #.....       52%         3    ####...
 Cause Fear               Hex            #.........   75%         4    #####..
 Leda's Liquefaction      Hex/Erth       #.........   89%         4    #####..


Dungeon Overview and Level Annotations

Branches:
Dungeon (3/15)

Altars:


Innate Abilities, Weirdness & Mutations

You are small and have problems with some larger weapons.
You are somewhat resistant to further mutation.


Message History

Press: ? - help, Shift-Dir - straight line, f/p - worm
Aim: a worm (severely wounded)
You shoot a stone. The stone hits the worm.
The worm is almost dead.
The orc closely misses you. x2; The orc hits you with a +0 dagger.
* * * LOW HITPOINT WARNING * * *
You feel better. The worm bites you. The orc hits you with a +0 short sword.
* * * LOW HITPOINT WARNING * * *
The orc misses you. The orc closely misses you. The orc barely misses you.
The hobgoblin hits you.
* * * LOW HITPOINT WARNING * * *
An orc comes into view. It is wielding a +0 quarterstaff.
The orc shouts!
The hobgoblin hits you but does no damage.
An orc comes into view. It is wielding a +0 trident.
An orc comes into view. It is wielding a +0 short sword.
The orc shouts! x2; You hear a shout! x2
The orc hits you with a +0 flail.
You die...

############
.....#.....##
........o.(.##
..o..o.@g....#
)......oow...#
..o.....$....#
.............#
.............#
..........(..#
.........(..##
$....#.[(.(##
#########


You could see a worm, 6 orcs and a hobgoblin.

Vanquished Creatures
  Jessica (D:2)
  Robin (D:2)
  4 adders (D:2)
  An ooze (D:1)
  A worm (D:2)
  2 dart slugs
  A leopard gecko (D:1)
  4 bats
  2 giant cockroaches
  12 goblins
  5 hobgoblins
  7 jackals (D:1)
  3 kobolds (D:1)
  A quokka (D:2)
  A frilled lizard (D:2)
  20 rats
66 creatures vanquished.

Notes
Turn   | Place    | Note
-------+----------+-------------------------------------------
     0 | D:1      | PentaManta the Halfling Arcane Marksman began the quest for
                  | the Orb.
     0 | D:1      | Reached XP level 1. HP: 12/12 MP: 2/2
    26 | D:1      | Reached XP level 2. HP: 18/18 MP: 3/3
    65 | D:1      | Reached skill level 4 in Slings
   152 | D:1      | Reached skill level 1 in Throwing
   269 | D:1      | Reached XP level 3. HP: 22/22 MP: 4/4
  1100 | D:2      | Reached skill level 5 in Slings
  1100 | D:2      | Reached XP level 4. HP: 23/27 MP: 5/5
  1209 | D:2      | Noticed Jessica
  1220 | D:2      | Killed Jessica
  1396 | D:2      | Noticed Robin
  1400 | D:2      | Reached XP level 5. HP: 32/32 MP: 6/6
  1404 | D:2      | Reached skill level 6 in Slings
  1423 | D:2      | Killed Robin
  1878 | D:3      | Slain by an orc

Skill      XL: |  1  2  3  4  5 |
---------------+----------------+-----
Slings         | 4 5 6 |  6.5
Throwing       | 1 2 |  2.4
Fighting       | |  0.8
Dodging        | |  2.2
Spellcasting   | |  1.0
Hexes          | |  2.4

Action                   |  1- 3 |  4- 6 || total
-------------------------+-------+-------++-------
 Fire: Hunting sling     |   121 |   100 ||   221
Throw: Throwing net      |       |     1 ||     1
 Cast: Corona            |       |     1 ||     1
  Use: Scroll            |       |     4 ||     4
       Potion            |       |     1 ||     1
  Eat: Chunk             |       |     2 ||     2
Armor: Robe              |     4 |     7 ||    11
Dodge: Dodged            |    51 |    46 ||    97
